 Dungeon Crawl Stone Soup version 0.31.0-11-ge490571c62 (webtiles) character file.

Game seed: 4479603733715227906

2136 qw the Skirmisher (level 9, -3/52 HPs)
             Began as a Deep Elf Hunter on Feb 4, 2024.
             Was a Priest of Okawaru.
             Incinerated by a bombardier beetle (4 damage)
             ... with a burning spray
             ... on level 6 of the Dungeon.
             The game lasted 00:00:28 (4706 turns).

qw the Skirmisher (Deep Elf Hunter)                 Turns: 4706, Time: 00:00:28

Health: -3/52      AC:  8    Str: 12    XL:     9   Next: 9%
Magic:  14/14      EV: 16    Int: 15    God:    Okawaru [***...]
Gold:   334        SH:  0    Dex: 24    Spells: 8/8 levels left

rFire   . . .        a - +0 shortbow
rCold   . . .        (shield currently unavailable)
rNeg    . . .        j - +0 ring mail
rPois   .            h - +0 helmet
rElec   .            (no cloak)
rCorr   .            l - +0 pair of gloves
SInv    .            d - +0 pair of boots
Will    .....        (no amulet)
Stlth   +            e - +6 ring of dexterity
HPRegen 0.28/turn    (no ring)
MPRegen 0.14/turn

%: no passive effects
@: on fire, glowing
A: no striking features
a: Renounce Religion, Heroism


You were on level 6 of the Dungeon.
You worshipped Okawaru.
Okawaru was most pleased with you.
You visited 1 branch of the dungeon, and saw 6 of its levels.

You collected 334 gold pieces.


   Skills:
 - Level 4.3 Fighting
 - Level 14.9 Ranged Weapons
 - Level 2.0 Armour
 + Level 7.5 Dodging
 - Level 1.2 Stealth
 - Level 4.0 Invocations


You had 8 spell levels left.
You didn't know any spells.
Your spell library was empty.

Inventory:

Hand Weapons
 a - a +0 shortbow (weapon)
 i - a +0 antimagic arbalest
Armour
 d - a +0 pair of boots (worn)
 h - a +0 helmet (worn)
 j - a +0 ring mail (worn)
 l - a +0 pair of gloves (worn)
Jewellery
 e - a +6 ring of dexterity (left hand)
 s - a ring of flight
Wands
 g - a wand of flame (30)
 o - a wand of iceblast (5)
 q - a wand of light (5)
Scrolls
 m - 2 scrolls of teleportation
Potions
 b - a potion of resistance
 c - 2 potions of mutation {unknown}
 f - a potion of might
 k - a potion of haste
 n - a potion of cancellation {unknown}
 p - 2 potions of curing {unknown}
 r - a potion of heal wounds

Dungeon Overview and Level Annotations

Branches:
Dungeon (6/15)             Temple (0/1) D:4

Altars:
Cheibriados
Nemelex Xobeh
Okawaru
Uskayaw
Wu Jian
Zin

Shops:
D:5 [

Annotations:
D:3 1 runed translucent door, Crazy Yiuf


Message History

You shoot an arrow.
The arrow hits the bombardier beetle but does no damage.
The bombardier beetle is moderately wounded.
The liquid fire burns you!
The bombardier beetle sprays incendiary fluid at you.
The burning spray hits you.
You are even more covered in liquid fire!
You shoot an arrow.
The arrow hits the bombardier beetle but does no damage.
The bombardier beetle is moderately wounded.
The liquid fire burns you!
You shoot an arrow. The arrow hits the bombardier beetle.
The bombardier beetle is heavily wounded.
The liquid fire burns you!
You shoot an arrow.
The arrow barely misses the bombardier beetle.
The liquid fire burns you!
You shoot an arrow. The arrow hits the bombardier beetle!
You kill the bombardier beetle!
Okawaru accepts your kill. The liquid fire burns you!
You are on fire!
The liquid fire burns you!
You are on fire!
The liquid fire burns you!
You are on fire!
The liquid fire burns you!
You are on fire!
The liquid fire burns you!
You are on fire!
The liquid fire burns you!
You are on fire!
The liquid fire burns you!
You are on fire!
The liquid fire burns you!
You are on fire!
The liquid fire burns you!
You are on fire!
The liquid fire burns you!
You die...

+##+##'##'##'......'
#..#.....#..####..##
#..#+###'#..# ##.#.
#..#.....#..#####.#.
+..+.._..+..+..##.#.
#..#.....#..##....##
#.%#+###+#..###....+
#..#.....#..#......#
+##@##'##'##'.......
#.....#.....#.##....
#.....#.....#..#....
###+##'##'###.......
........##...^.......
###############......
###...... #........
##.......


There were no monsters in sight!

Vanquished Creatures
  Sigmund (D:3)
  Eustachio (D:6)
  A steam dragon (D:6)
  Edmund (D:4)
  2 ice beasts
  2 black bears
  4 ogres
  A bullfrog (D:4)
  2 scorpions (D:5)
  2 bombardier beetles
  6 hounds
  An orc priest (D:5)
  2 jellies
  2 sleepcaps (D:5)
  A gnoll bouda (D:3)
  4 iguanas
  3 gnolls (D:3)
  2 adders
  A dart slug (D:4)
  A ribbon worm (D:3)
  5 orcs
  11 ball pythons
  10 bats
  7 endoplasms
  7 giant cockroaches
  7 hobgoblins
  4 jackals (D:4)
  6 kobolds
  2 quokkas
  6 frilled lizards
  5 goblins
  8 rats
118 creatures vanquished.

Vanquished Creatures (others)
  An orc wizard (D:5)
1 creature vanquished.

Grand Total: 119 creatures vanquished

Notes
Turn   | Place    | Note
-------+----------+-------------------------------------------
     0 | D:1      | qw the Deep Elf Hunter began the quest for the Orb.
     0 | D:1      | Reached XP level 1. HP: 12/12 MP: 3/3
     0 | D:1      | 0 ||| qw: Version: 0.3-a-160-g6735b56
     0 | D:1      | 0 ||| qw: Game counter: 5979
     0 | D:1      | 0 ||| qw: Melee chars always use a shield: true
     0 | D:1      | 0 ||| qw: God list: Okawaru
     0 | D:1      | 0 ||| qw: Allow faded altars: false
     0 | D:1      | 0 ||| qw: Do Orc after clearing Dungeon:15 true
     0 | D:1      | 0 ||| qw: Do second Lair branch before Depths: true
     0 | D:1      | 0 ||| qw: Lair rune preference: random
     0 | D:1      | 0 ||| qw: Goals: Normal
     0 | D:1      | 0 ||| PLANNING D:1-11
    89 | D:1      | Reached skill level 6 in Ranged Weapons
    89 | D:1      | Reached XP level 2. HP: 9/16 MP: 4/4
   603 | D:1      | Reached XP level 3. HP: 20/20 MP: 5/5
   945 | D:1      | 945 ||| UPGRADING to +6 ring of dexterity.
   946 | D:1      | 946 ||| READING scroll labelled IZUCOLL BUEHUTZ.
  1047 | D:1      | 1047 ||| READING scroll labelled BIZES IPTASEX.
  1047 | D:1      | 1047 ||| ENCHANTING +0 shortbow.
  1048 | D:1      | 1048 ||| READING 2 scrolls labelled DOLOUS DOTY.
  1048 | D:1      | 1048 ||| IDENTIFYING sedimented white potion
  1049 | D:1      | 1049 ||| READING scroll of identify.
  1049 | D:1      | 1049 ||| IDENTIFYING viscous puce potion
  1050 | D:1      | 1050 ||| DRINKING potion of experience.
  1050 | D:1      | Reached skill level 14 in Ranged Weapons
  1050 | D:1      | Reached XP level 4. HP: 25/25 MP: 6/6
  1051 | D:1      | 1051 ||| READING 3 scrolls labelled APLAKH BAHOIX.
  1052 | D:1      | 1052 ||| DROPPING scroll of butterflies.
  1053 | D:1      | 1053 ||| DROPPING 2 scrolls of fear.
  1703 | D:2      | 1703 ||| UPGRADING to +0 pair of boots.
  1708 | D:2      | 1708 ||| READING scroll of identify.
  1708 | D:2      | 1708 ||| IDENTIFYING fizzy yellow potion
  1709 | D:2      | 1709 ||| READING scroll labelled MAPLOIT FELETUT.
  1819 | D:3      | Found a faded altar of an unknown god.
  1830 | D:3      | Reached skill level 3 in Dodging
  1830 | D:3      | Reached XP level 5. HP: 29/29 MP: 7/7
  1987 | D:3      | Found an iron altar of Okawaru.
  1988 | D:3      | 1988 ||| PLANNING OKAWARU WORSHIP
  1988 | D:3      | 1988 ||| UPGRADING to +0 helmet.
  1993 | D:3      | 1993 ||| UPGRADING to +0 ring mail.
  1998 | D:3      | 1998 ||| UPGRADING to +0 leather armour.
  2003 | D:3      | 2003 ||| UPGRADING to +0 ring mail.
  2013 | D:3      | 2013 ||| DROPPING +0 leather armour.
  2026 | D:3      | Became a worshipper of Warmaster Okawaru
  2027 | D:3      | 2027 ||| PLANNING D:1-11
  2091 | D:3      | Found a runed translucent door.
  2092 | D:3      | Noticed Crazy Yiuf
  2251 | D:3      | Noticed Sigmund
  2252 | D:3      | 2252 ||| DRINKING green potion.
  2253 | D:3      | 2253 ||| DRINKING murky pink potion.
  2265 | D:3      | Killed Sigmund
  2266 | D:3      | Reached XP level 6. HP: 32/35 MP: 8/8
  2497 | D:3      | 2497 ||| READING scroll of identify.
  2497 | D:3      | 2497 ||| IDENTIFYING scroll labelled QIRIFE XONWA
  2498 | D:3      | 2498 ||| READING scroll labelled QEOGHU JIYRUI.
  2499 | D:3      | 2499 ||| DROPPING scroll of amnesia.
  2571 | D:4      | Reached * piety under Okawaru
  2615 | D:4      | Reached skill level 1 in Invocations
  2615 | D:4      | Reached XP level 7. HP: 40/40 MP: 9/9
  2635 | D:4      | Noticed a +0 hand axe
  2635 | D:4      | Noticed a +0 hand axe
  2638 | D:4      | Found a hide-covered altar of Uskayaw.
  2639 | D:4      | 2639 ||| READING scroll labelled LYXZOPN KOYMOU.
  2639 | D:4      | Identified a scroll of acquirement
  2639 | D:4      | 2639 ||| ACQUIRING +0 antimagic arbalest
  2639 | D:4      | Acquired a +0 antimagic arbalest
  2741 | D:4      | Found a sparkling altar of Nemelex Xobeh.
  2775 | D:4      | Found a staircase to the Ecumenical Temple.
  2831 | D:4      | 2831 ||| DROPPING +4 sling.
  2866 | D:4      | Noticed Edmund
  2880 | D:4      | Killed Edmund
  2880 | D:4      | Reached ** piety under Okawaru
  3234 | D:4      | Identified the +0 ring mail of Limited Liability {Rampage}
  3246 | D:4      | 3246 ||| UPGRADING to +0 pair of gloves.
  3251 | D:4      | 3251 ||| DROPPING +0 ring mail of Limited Liability
                  | {Rampage}.
  3252 | D:4      | 3252 ||| READING scroll of identify.
  3252 | D:4      | 3252 ||| IDENTIFYING viscous amethyst potion
  3253 | D:4      | 3253 ||| READING 3 scrolls labelled QUULOB CEVUSI.
  3256 | D:4      | 3256 ||| DROPPING potion of degeneration.
  3281 | D:5      | Entered Level 5 of the Dungeon
  3291 | D:5      | Reached skill level 3 in Fighting
  3317 | D:5      | Reached skill level 3 in Invocations
  3380 | D:5      | Reached XP level 8. HP: 39/46 MP: 12/12
  3669 | D:5      | Found Qunac's Armour Emporium.
  3812 | D:5      | 3812 ||| SHOPLISTING +3 leather armour of cold resistance
                  | (336 gold, have 286).
  4046 | D:5      | 4046 ||| READING scroll labelled ARCHAR LEEBORGHUI.
  4047 | D:5      | 4047 ||| DRINKING 2 coppery potions.
  4048 | D:5      | 4048 ||| DROPPING potion of attraction.
  4113 | D:6      | Found a snail-covered altar of Cheibriados.
  4114 | D:6      | Found an ornate altar of the Wu Jian Council.
  4121 | D:6      | Reached skill level 6 in Dodging
  4209 | D:6      | Noticed Eustachio
  4224 | D:6      | Killed Eustachio
  4224 | D:6      | Reached *** piety under Okawaru
  4547 | D:6      | Reached XP level 9. HP: 52/52 MP: 14/14
  4582 | D:6      | Found a glowing silver altar of Zin.
  4702 | D:6      | HP: 12/52 [burnt (5)]
  4704 | D:6      | HP: 3/52 [burnt (4)]
  4705 | D:6      | HP: 1/52 [burnt (2)]
  4706 | D:6      | Incinerated by a bombardier beetle

Levels and vault maps discovered:
D:1:      tarquinn_simple_flora_water_f, layout_basic, amethyst_killhole,
          minmay_tromino_i2
D:2:      layout_loops_ring
D:3:      layout_loops_ring, lemuel_tele_altar, basic_ecumenical_altar,
          uniq_crazy_yiuf_cottage, uniq_sigmund
D:4:      layout_loops_ring, dancing_weapons_uskayaw,
          nemelex_diamond_rough_becter, minmay_temple_entry_drinking_statues,
          uniq_edmund
D:5:      cheibrodos_helix_gallery, layout_gridville, serial_shops,
          nicolae_shop_window_shopping
D:6:      nicolae_cairo_tiling_very_big, layout_cave_pools,
          mainiacjoe_overflow_24_doors, grunt_temple_overflow_open,
          serial_shops, nicolae_shop_back_alley_shop, kennysheep_flooded_box,
          uniq_eustachio

Skill      XL: |  1  2  3  4  5  6  7  8 |
---------------+-------------------------+-----
Ranged Weapons | 6 14 | 14.9
Dodging        | 3 4 7 |  7.5
Fighting       | 2 3 4 |  4.3
Armour         | 2 |  2.0
Invocations    | 1 3 4 |  4.0
Stealth        | |  1.2

Action                     |  1- 3 |  4- 6 |  7- 9 || total
---------------------------+-------+-------+-------++-------
   Fire: Shortbow          |    57 |   108 |   240 ||   405
    Use: Scroll            |     4 |     5 |     4 ||    13
         Potion            |     1 |     2 |     1 ||     4
 Armour: Leather armour    |     5 |     2 |       ||     7
         Ring mail         |       |     6 |    44 ||    50
  Dodge: Dodged            |     9 |     5 |    42 ||    56

Table legend:
 A = Non-vault XP
 B = Vault XP
 C = Vault XP percentage of total XP
 D = Non-vault monster count
 E = Vault monster count
 F = Vault count percentage of total count
                 A         B        C        D         E       F
            +---------+---------+-------+---------+---------+-------
      Total |    2389 |     601 |  20.1 |     113 |       6 |   5.0
            +---------+---------+-------+---------+---------+-------
        D:1 |      45 |       4 |   8.2 |      26 |       2 |   7.1
        D:2 |      47 |       0 |   0.0 |      22 |       0 |   0.0
        D:3 |     103 |     226 |  68.7 |      19 |       1 |   5.0
        D:4 |     540 |     157 |  22.5 |      20 |       1 |   4.8
        D:5 |     803 |       3 |   0.4 |      17 |       1 |   5.6
        D:6 |     851 |     211 |  19.9 |       9 |       1 |  10.0
            +---------+---------+-------+---------+---------+-------
